 Dungeon Crawl Stone Soup version 0.25-a0-632-g7713895373 (webtiles) character file.

Game seed: 8960908235921115077, levelgen mode: classic

602 EnegeticOcto the Chopper (level 7, -3/49 HPs)
             Began as an Octopode Fighter on Mar 19, 2020.
             Killed from afar by an orc wizard (4 damage)
             ... with a puff of frost
             ... on level 5 of the Dungeon.
             The game lasted 00:02:52 (3623 turns).

EnegeticOcto the Chopper (Octopode Fighter)         Turns: 3623, Time: 00:02:52

Health: -3/49      AC:  1    Str: 15    XL:     7   Next: 41%
Magic:  0/7        EV: 13    Int: 11    God:
Gold:   284        SH:  9    Dex: 13    Spells: 6/6 levels left

rFire    . . .     SeeInvis .   a - +0 war axe
rCold    . . .     Gourm    .   b - +0 kite shield
rNeg     . . .     Faith    .   (helmet restricted)
rPois    .         Spirit   +   l - amulet of guardian spirit
rElec    .         Reflect  .   (no ring)
rCorr    .         Harm     .   (no ring)
MR       .....                  (no ring)
Stlth    ++........             (no ring)
HPRegen  0.16/turn              (no ring)
MPRegen  0.10/turn              (no ring)
                                (no ring)
                                (no ring)

@: no status effects
A: almost no armour, stealthy swim, amphibious, 8 rings, constrict 8, camouflage
1, gelatinous body 1
a: no special abilities


You were on level 5 of the Dungeon.
You were full.

You visited 1 branch of the dungeon, and saw 5 of its levels.

You collected 284 gold pieces.

Inventory:

Hand Weapons
 a - a +0 war axe (weapon)
Armour
 b - a +0 kite shield (worn)
Jewellery
 l - an amulet of guardian spirit (around mantle)
Scrolls
 d - a scroll of amnesia {unknown}
 f - 2 scrolls of identify {@r1}
 g - 4 scrolls of remove curse {@r6}
 h - a scroll of fear {unknown}
 i - a scroll of noise {unknown}
 m - a scroll of enchant weapon {unknown}
 n - a scroll of blinking {unknown}
 o - a scroll of enchant armour {unknown}
 q - a scroll of magic mapping {unknown}
Potions
 c - a potion of brilliance {unknown}
 j - a potion of stabbing {@q5}
 k - 2 potions of might {@q3}
 p - a potion of flight {unknown}
 r - a potion of ambrosia {unknown}
Comestibles
 e - 4 rations


   Skills:
 + Level 4.5 Fighting
 * Level 5.2 Axes
 + Level 4.5 Dodging
 + Level 4.5 Shields


You had 6 spell levels left.
You didn't know any spells.
Your spell library was empty.

Dungeon Overview and Level Annotations

Branches:
Dungeon (5/15)
 Temple: D:4-7

Altars:
Gozag
Nemelex Xobeh
Qazlal

Annotations:
D:4 Pikel


Innate Abilities, Weirdness & Mutations

You cannot wear most types of armour.
You are very stealthy in the water. (Stealth+)
You are amphibious.
You can wear up to eight rings at the same time.
You can use your tentacles to constrict eight enemies at once.
Your skin changes colour to match your surroundings (Stealth+).
Your rubbery body absorbs attacks. (AC +1, EV +1)


Message History

You eat one of the 5 rations.
That ration really hit the spot!
An orc wizard comes into view. It is wielding a +0 dagger.
An orc comes into view. It is wielding a +0 club.
The orc wizard shouts!
The orc priest hits you but does no damage.
A jackal comes into view.
Your shield prevents you from hitting the orc priest.
The jackal barks!
You grab the orc priest. You squeeze the orc priest!
The orc priest is severely wounded.
You constrict the orc priest. You block the orc priest's attack.
A worker ant zombie comes into view.
You hit the orc priest.
You kill the orc priest!
You hit the orc but do no damage. You grab the orc.
You constrict the orc, but do no damage.
The orc barely misses you.
The orc wizard miscasts a cantrip.
You closely miss the orc wizard. Your grab misses the orc wizard.
You hit the orc. You constrict the orc. The orc misses you.
The orc wizard hits you with a +0 dagger.
The orc wizard gestures wildly while chanting.
The orc wizard flickers and vanishes!
Deactivating autopickup; reactivate with Ctrl-A.
The jackal misses you.
Your shield prevents you from hitting the orc wizard.
Your grab misses the orc wizard. You squeeze the orc wizard.
The orc wizard is lightly wounded.
You hit the orc but do no damage.
Your shield prevents you from hitting the jackal.
You constrict the orc.
You kill the orc!
You block the jackal's attack. You block the orc wizard's attack.
The jackal barely misses you.
You hit the orc wizard. Your grab misses the orc wizard.
The orc wizard is heavily wounded.
You hit something. You closely miss the jackal.
A jackal comes into view.
The orc wizard casts a spell.
The orc wizard flickers and vanishes!
You block something's attack. The jackal barely misses you. Something hits you.
You hear some strange, mumbled words.
You block the jackal's attack.
The jackal barks!
You slash the jackal!
You kill the jackal!
You closely miss something. You hit something but do no damage.
You hear a bark! x2
Something hits you.
A worker ant comes into view.
You hear some strange, mumbled words.
A puff of flame appears from out of thin air!
The puff of flame hits you! Something barely misses you.
The worker ant twitches its antennae in your direction.
You hit something. You hit the worker ant zombie. You miss something.
A jackal comes into view.
Something hits you but does no damage.
You hear some strange, mumbled words.
You are confused.
The worker ant zombie closely misses you.
Something hits you.
The jackal moves out of view.
You hear some strange, mumbled words.
A puff of frost appears from out of thin air!
The puff of frost hits you!
Found a large marble ring.
You slash something!
Reactivating autopickup.
You feel a bit more experienced.
You barely miss the worker ant zombie. Something hits you but does no damage.
Deactivating autopickup; reactivate with Ctrl-A.
Okay, then.
A jackal comes into view. x2
You hear some strange, mumbled words.
A puff of frost appears from out of thin air!
The puff of frost hits you!
The jackal barks! x2
You slash the jackal!
You kill the jackal!
You barely miss something. Something hits you. x2
* * * LOW HITPOINT WARNING * * *
The worker ant bites you.
* * * LOW HITPOINT WARNING * * *
Okay, then.
You hit something. Your squeeze misses something.
You hit the worker ant zombie but do no damage.
You hit the worker ant. Something barely misses you.
The worker ant zombie bites you.
* * * LOW HITPOINT WARNING * * *
The worker ant barely misses you.
You hear some strange, mumbled words.
A magic dart appears from out of thin air!
The magic dart hits you!
* * * LOW HITPOINT WARNING * * *
The worker ant zombie closely misses you.
You feel less confused. You block the worker ant's attack.
You hear some strange, mumbled words.
A puff of frost appears from out of thin air!
The puff of frost hits you.
You die...

##.##.#... ##.....#....#
..##......... =
[........... .#
...........##.###
........h.......
.......=.Zh..#.#
...........ha....#
............@.....####
........................ .
#.....................^.
.....................#....
#..#......................
..#.....#...##.....†......
.# #....#.#.............
#..#.#....#....#......!...
..#..##........#....(...##


You could see a worker ant, a worker ant zombie and 3 jackals.

Vanquished Creatures
  Sigmund (D:2)
  A slave (D:4)
  A centaur (D:5)
  2 scorpions (D:5)
  An orc priest (D:5)
  A jelly (D:2)
  An orc wizard (D:5)
  Robin (D:4)
  2 adders
  A shadow imp (D:5)
  An ooze (D:2)
  2 worms
  2 dart slugs
  3 leopard geckos
  6 orcs
  3 giant cockroaches
  11 goblins
  22 hobgoblins
  14 jackals
  11 kobolds
  2 quokkas (D:3)
  A ball python (D:1)
  7 bats
  3 frilled lizards
  2 leopard gecko skeletons (D:4)
  9 rats
111 creatures vanquished.

Notes
Turn   | Place    | Note
-------+----------+-------------------------------------------
     0 | D:1      | EnegeticOcto the Octopode Fighter began the quest for the
                  | Orb.
     0 | D:1      | Reached XP level 1. HP: 16/16 MP: 1/1
   105 | D:1      | Reached XP level 2. HP: 7/21 MP: 2/2
   458 | D:1      | Reached XP level 3. HP: 24/26 MP: 3/3
  1181 | D:2      | Reached skill level 3 in Axes
  1182 | D:2      | Reached XP level 4. HP: 28/31 MP: 4/4
  1384 | D:2      | Noticed Sigmund
  1388 | D:2      | Killed Sigmund
  1388 | D:2      | Reached skill level 4 in Axes
  1388 | D:2      | Reached XP level 5. HP: 37/37 MP: 5/5
  1388 | D:2      | Reached XP level 6. HP: 43/43 MP: 6/6
  1647 | D:2      | Found a stormy altar of Qazlal.
  2478 | D:3      | Found a sparkling altar of Nemelex Xobeh.
  2479 | D:3      | Found an opulent altar of Gozag.
  2875 | D:3      | You fall into a shaft and drop 2 floors!
  2875 | D:5      | Entered Level 5 of the Dungeon
  2897 | D:5      | HP: 2/43 [scorpion (8)]
  2900 | D:5      | Reached XP level 7. HP: 9/49 MP: 7/7
  3254 | D:4      | Noticed Robin
  3260 | D:4      | Noticed Pikel
  3263 | D:4      | Killed Robin
  3263 | D:4      | Reached skill level 5 in Axes
  3622 | D:5      | HP: 1/49 [something/magic dart (5)]
  3623 | D:5      | Killed from afar by an orc wizard

Levels and vault maps discovered:
D:1:      saegor_arrival_miasma, layout_basic, hex_medium,
          minmay_misc_feat_rows, minivault_5, minmay_tetromino_t4
D:2:      layout_basic, nicolae_qazlal_eye_of_the_storm, uniq_sigmund
D:3:      layout_loops_ring, grunt_temple_overflow_opulence
D:4:      layout_cave_pools, minitemple, kennysheep_nub, minmay_misc_feat_roman,
          kennysheep_small_circle, uniq_robin, uniq_pikel
D:5:      layout_rooms, first_ration, minmay_misc_feat_diagonals

Skill      XL: |  1  2  3  4  5  6  7 |
---------------+----------------------+-----
Axes           | 3 4 5 |  5.2
Fighting       | 4 |  4.5
Dodging        | 4 |  4.5
Shields        | 4 |  4.5

Action                   |  1- 3 |  4- 6 |  7- 9 || total
-------------------------+-------+-------+-------++-------
Melee: War axe           |    73 |    93 |    43 ||   209
       Constrict         |    24 |    23 |    13 ||    60
       Tentacles         |    11 |    22 |     9 ||    42
  Use: Scroll            |     1 |     3 |       ||     4
       Potion            |       |     3 |       ||     3
 Stab: Sleeping          |     2 |       |       ||     2
  Eat: Chunk             |     1 |     5 |     1 ||     7
       Ration            |       |       |     2 ||     2
Armor: Skin              |     6 |     1 |     3 ||    10
Dodge: Dodged            |    43 |    51 |    27 ||   121
Block: Kite shield       |    30 |    52 |    30 ||   112

Table legend:
 A = Non-vault XP
 B = Vault XP
 C = Vault XP percentage of total XP
 D = Non-vault monster count
 E = Vault monster count
 F = Vault count percentage of total count
                 A         B        C        D         E       F
            +---------+---------+-------+---------+---------+-------
      Total |     599 |     261 |  30.3 |      97 |      13 |  11.8
            +---------+---------+-------+---------+---------+-------
        D:1 |      56 |       3 |   5.1 |      31 |       3 |   8.8
        D:2 |     104 |     227 |  68.6 |      26 |       1 |   3.7
        D:3 |      70 |       0 |   0.0 |      26 |       0 |   0.0
        D:4 |       6 |      29 |  82.9 |       4 |       8 |  66.7
        D:5 |     363 |       2 |   0.5 |      10 |       1 |   9.1
            +---------+---------+-------+---------+---------+-------
